 Dungeon Crawl Stone Soup version 0.24-a0-639-gb70a11d811 (webtiles) character file.

Game seed: 14855381957691519044, levelgen mode: classic

42527 EnegeticOcto the Thaumaturge (level 13, -5/113 HPs)
             Began as a Pale Draconian Wanderer on Sept 20, 2019.
             Was a Believer of Uskayaw.
             Engulfed by a fire crab's flame (26 damage)
             ... on level 12 of the Dungeon on Sept 21, 2019.
             The game lasted 01:01:18 (29663 turns).

EnegeticOcto the Thaumaturge (DrWn)                Turns: 29663, Time: 01:01:19

Health: -5/113     AC: 14    Str: 17    XL:     13   Next: 85%
Magic:  2/28       EV: 15    Int: 15    God:    Uskayaw [**....]
Gold:   949        SH:  0    Dex: 14    Spells: 7/34 levels left

rFire    . . .     SeeInvis +   b - +3 whip (elec)
rCold    + . .     Gourm    .   (no shield)
rNeg     . . .     Faith    +   (armour unavailable)
rPois    .         Spirit   .   L - +1 hat {SInv}
rElec    .         Reflect  .   i - +2 cloak {+Inv}
rCorr    .         Harm     .   f - +0 pair of gloves
MR       .....                  m - +0 pair of boots
Stlth    ++........             V - amulet of faith
HPRegen  0.28/turn              w - +3 ring of dexterity
MPRegen  0.21/turn              P - ring of protection from cold

@: no status effects
A: breathe steam, unfitting armour, cold-blooded, AC +8
a: Breathe Steam, Stomp, Line Pass, Renounce Religion, Evoke Invisibility


You were on level 12 of the Dungeon.
You worshipped Uskayaw.
Uskayaw was noncommittal.
You were not hungry.

You visited 2 branches of the dungeon, and saw 18 of its levels.
You also visited: Bailey.

You collected 1153 gold pieces.
You spent 204 gold pieces at shops.

Inventory:

Hand Weapons
 b - a +3 whip of electrocution (weapon)
 y - a +2 dagger of venom
 H - a +1 short sword of distortion
 O - a +2 glaive of flaming
Missiles
 s - 25 curare-tipped darts (quivered)
Armour
 f - a +0 pair of gloves (worn)
 i - a +2 cloak of invisibility (worn)
 m - a +0 pair of boots (worn)
 L - a +1 hat of see invisible (worn)
 N - the +1 scale mail "Bapsecus" {rC+ MR+ Slay+2, unknown}
   (You found it in a bailey)

   It affects your accuracy and damage with ranged weapons and melee attacks
   (+2).
   It protects you from cold.
   It affects your resistance to hostile enchantments.
 Z - a scarf of resistance
Magical Staves
 a - an uncursed staff of conjuration
Jewellery
 k - an uncursed ring of fire
 w - a +3 ring of dexterity (left hand)
 x - an uncursed ring of protection from magic
 P - a ring of protection from cold (right hand)
 V - an amulet of faith (around neck)
 X - a +3 amulet of reflection
Wands
 c - a wand of random effects (46)
 j - a wand of iceblast (13)
 n - a wand of polymorph (13)
 p - a wand of digging (17)
 z - a wand of paralysis (2)
 C - a wand of flame (39)
 E - a wand of disintegration (12)
Scrolls
 g - 7 scrolls of teleportation {@r3 !r}
 r - 6 scrolls of amnesia
 t - 5 scrolls of blinking {@r4}
 v - 9 scrolls of remove curse {@r2}
 B - 2 scrolls of enchant weapon
 F - 3 scrolls of enchant armour
 G - 3 scrolls of magic mapping {@r5 !r}
 I - 2 scrolls of fog {!r}
 J - 2 scrolls of silence
 M - a scroll of fear {!r}
 T - a scroll of immolation
Potions
 d - 3 potions of curing {@q1 !q}
 h - 4 potions of might {@q3 !q}
 l - 3 potions of invisibility
 o - 8 potions of haste {@q4 !q}
 q - 6 potions of brilliance
 u - a potion of mutation
 A - a potion of cancellation
 K - 2 potions of resistance
 R - 3 potions of ambrosia
 S - 3 potions of agility {@q5 !q}
 U - a potion of berserk rage
 W - a potion of flight
Miscellaneous
 D - 2 boxes of beasts
 Q - a phantom mirror
Comestibles
 e - 27 rations


   Skills:
 - Level 10.0 Fighting
 - Level 2.8(3.0) Maces & Flails
 - Level 1.0(2.0) Staves
 - Level 5.0 Dodging
 - Level 1.0 Stealth
   Level 1.0 Shields
 + Level 11.4 Spellcasting
 + Level 9.1 Conjurations
 - Level 5.0 Summonings
 - Level 3.0 Translocations
 - Level 10.0 Fire Magic
   Level 1.0 Ice Magic
 + Level 8.8 Air Magic
 - Level 4.0 Invocations
 - Level 8.0 Evocations


You had 7 spell levels left.
You knew the following spells:

 Your Spells              Type           Power        Failure   Level  Hunger
a - Magic Dart            Conj           ####         1%          1    None
b - Call Imp              Summ           ###.....     1%          2    None
c - Conjure Flame         Conj/Fire      #####...     1%          3    None
d - Mephitic Cloud        Conj/Pois/Air  ####....     2%          3    None
e - Apportation           Tloc           ###...       2%          1    None
f - Sticky Flame          Conj/Fire      #####...     1%          4    ###....
g - Fireball              Conj/Fire      #####.....   4%          5    #####..
i - Swiftness             Chrm/Air       ###.....     1%          2    None
s - Airstrike             Air            #####.....   2%          4    ###....
Y - Blink                 Tloc           N/A          3%          2    None

Your spell library contained the following spells:

 Spells                   Type           Power        Failure   Level  Hunger
 Flame Tongue             Conj/Fire      #####        1%          1    None
 Shock                    Conj/Air       ####         1%          1    None
 Sting                    Conj/Pois      ###.         1%          1    None
 Poisonous Vapours        Pois/Air       ###...       1%          2    None
 Throw Flame              Conj/Fire      #####.       1%          2    None
 Static Discharge         Conj/Air       #####...     1%          3    None
 Inner Flame              Hex/Fire       ###.....     3%          3    None
 Stone Arrow              Conj/Erth      ###...       3%          3    None
 Recall                   Summ/Tloc      N/A          4%          3    None
 Lightning Bolt           Conj/Air       #####.....   6%          5    #####..
 Sandblast                Erth           #.....       9%          1    None
 Passwall                 Tmut/Erth      #.......     13%         2    None
 Slow                     Hex            #.......     13%         2    None
 Venom Bolt               Conj/Pois      ###.......   34%         5    #####..
 Olgreb's Toxic Radiance  Pois           #.......     63%         4    ###....
 Petrify                  Tmut/Erth      #.......     63%         4    ###....
 Freezing Cloud           Conj/Ice/Air   ####......   67%         6    ######.
 Lee's Rapid Deconstruct  Erth           #.........   93%         5    #####..
 Ring of Flames           Chrm/Fire      ###.......   100%        7    #######


Dungeon Overview and Level Annotations

Branches:
Dungeon (12/15)            Temple (0/1) D:6            Lair (6/6) D:10
 Shoals (0/4) Lair:3       Spider (0/4) Lair:2        Slime (0/5) Lair:5
    Orc (0/2) D:12         Bailey (visited)

Altars:
Dithmenos
Elyvilon
Kikubaaqudgha
Nemelex Xobeh
Qazlal
Uskayaw

Shops:
D:9 =*   D:11 :

Annotations:
D:5 1 runed translucent door, vurker's ghost, novice TrHu
Lair:1 1 runed translucent door, exclusion: oklob plant, Xemamm's ghost, journeyman OpTm
Lair:6 1 exclusion


Innate Abilities, Weirdness & Mutations

You can breathe blasts of scalding, opaque steam.
Your pale cyan-grey scales are hard. (AC +8)
You cannot fit into any form of body armour.
You are cold-blooded and may be slowed by cold attacks.


Message History

Casting: Airstrike (safe; 2% risk of failure)
Confirm with . or Enter, or press ? or * to list all spells.
Aiming: Airstrike (safe; 2% risk of failure)
Press: ? - help, Dir - move target cursor, f/p - manticore
Aim: a manticore (almost dead)
The air twists around and violently strikes the manticore!!
You kill the manticore!
You are near starving!
You carefully extract the barbed spikes from your body.
You can no longer pass through a line of other dancers.
Key pressed, stopping explore.
You see here a cursed -1 dire flail.
You are starving!
You need to eat something NOW!
You need to eat something NOW!
You eat one of the 28 rations.
That ration really hit the spot!
You see here a cursed -1 dire flail.
There is a staircase to the Orcish Mines here.
As you open the door, it creaks loudly!
Casting: Airstrike (safe; 2% risk of failure)
Confirm with . or Enter, or press ? or * to list all spells.
Aiming: Airstrike (safe; 2% risk of failure)
Press: ? - help, Dir - move target cursor, f - fire crab
Aim: a fire crab The air twists around and strikes the fire crab!
The fire crab is lightly wounded.
Casting: Airstrike (safe; 2% risk of failure)
Confirm with . or Enter, or press ? or * to list all spells.
Aiming: Airstrike (safe; 2% risk of failure)
Press: ? - help, Dir - move target cursor, f/p - fire crab
Aim: a fire crab (lightly wounded)
The air twists around and strikes the fire crab!
The fire crab is moderately wounded.
Casting: Airstrike (safe; 2% risk of failure)
Confirm with . or Enter, or press ? or * to list all spells.
Aiming: Airstrike (safe; 2% risk of failure)
Press: ? - help, Dir - move target cursor, f/p - fire crab
Aim: a fire crab (moderately wounded)
The air twists around and strikes the fire crab!
The fire crab is heavily wounded.
Casting: Airstrike (safe; 2% risk of failure)
Confirm with . or Enter, or press ? or * to list all spells.
Aiming: Airstrike (safe; 2% risk of failure)
Press: ? - help, Dir - move target cursor, f/p - fire crab
Aim: a fire crab (heavily wounded)
The air twists around and strikes the fire crab but does no damage.
Casting: Airstrike (safe; 2% risk of failure)
Confirm with . or Enter, or press ? or * to list all spells.
Aiming: Airstrike (safe; 2% risk of failure)
Press: ? - help, Dir - move target cursor, f/p - fire crab
Aim: a fire crab (heavily wounded)
The air twists around and strikes the fire crab!
The fire crab is heavily wounded.
You can now pass through a line of other dancers.
Casting: Airstrike (safe; 2% risk of failure)
Confirm with . or Enter, or press ? or * to list all spells.
Aiming: Airstrike (safe; 2% risk of failure)
Press: ? - help, Dir - move target cursor, f/p - fire crab
Aim: a fire crab (heavily wounded)
The air twists around and strikes the fire crab.
The fire crab is severely wounded.
The fire crab breathes flames at you. The blast of flame engulfs you.
Casting: Airstrike (safe; 2% risk of failure)
Confirm with . or Enter, or press ? or * to list all spells.
Aiming: Airstrike (safe; 2% risk of failure)
Press: ? - help, Dir - move target cursor, f/p - fire crab
Aim: a fire crab (flame, severely wounded)
The air twists around and strikes the fire crab!
The fire crab is severely wounded.
You are engulfed in blazing flames.
The fire crab breathes flames at you. The blast of flame misses you.
Casting: Airstrike (safe; 2% risk of failure)
Confirm with . or Enter, or press ? or * to list all spells.
You don't have enough magic to cast that spell.
Unknown command.
You hit the fire crab.
The fire crab is almost dead.
You are engulfed in blazing flames.
The fire crab bites you but does no damage.
The fire crab barely misses you.
You hear the crackle of electricity.
b - a +3 whip of electrocution (weapon)
You are engulfed in blazing flames.
The fire crab completely misses you.
The fire crab claws you but does no damage.
You barely miss the fire crab.
The fire crab is almost dead.
You are engulfed in blazing flames.
The fire crab bites you.
* * * LOW HITPOINT WARNING * * *
You are engulfed in flames!
* * * LOW HITPOINT WARNING * * *
The fire crab closely misses you.
Evoke which item? (* to show all) (? for menu, Esc to quit)
Aiming: Paralyse
Press: ? - help, Shift-Dir - straight line, f/p - fire crab
Aim: a fire crab (almost dead, chance to defeat MR: 51%)
The fire crab resists with significant effort.
You are engulfed in blazing flames.
You die...

.........#
##...#....##........
.........##
##...####............
..........###...##
###..........
...........##..##
#...##.....
..............##
#...###....
........##...##
##..###....
###..#.......#####
##.##...##
###...#####....#
#.###...# #...#
####@# #..##..##
##### #t# #..#...#
#.# ###....## #.#
#...#...# ### #.#
##..#...## ..# #.#
####....## ..# #.#
##.##.#.. ..# #.#
#.#.##.#) ..#
#####.#..


You could see a fire crab.

Vanquished Creatures
  Snorg (Lair:5)
  5 hydras
  Josephine (D:12)
  2 two-headed ogres
  An orc high priest (Bailey)
  Urug (Lair:1)
  Sonja (Lair:1)
  Nergalle (D:10)
  4 skeletal warriors (D:12)
  An unseen horror (D:11)
  Pikel (D:7)
  An orc knight (Bailey)
  2 ugly things (D:11)
  2 manticores
  12 elephants
  A cyclops (D:12)
  3 black mambas (Lair:5)
  10 spiny frogs
  2 rime drakes
  2 kobold demonologists
  6 komodo dragons
  A troll (D:11)
  Grinder (D:6)
  5 blink frogs (Lair:5)
  A snapping turtle (Lair:3)
  3 slime creatures (D:12)
  A dream sheep (Lair:6)
  6 hippogriffs
  A shadow (D:12)
  2 wyverns
  A spriggan (D:8)
  A redback (Lair:2)
  6 wraiths
  15 yaks
  A basilisk (Lair:1)
  2 wargs (D:10)
  A hell hound (Lair:5)
  7 water moccasins
  2 ice beasts
  5 porcupines
  4 sky beasts
  15 orc warriors
  6 ogres
  2 slaves (D:7)
  A necrophage (D:11)
  3 wolves (Lair:4)
  3 phantoms
  6 centaurs
  9 crocodiles
  10 big kobolds
  16 bullfrogs
  A wyvern zombie (D:12)
  2 wyvern skeletons
  4 scorpions
  A water moccasin skeleton (D:5)
  5 killer bees (D:12)
  6 electric eels
  4 howler monkeys
  4 crimson imps
  A centaur zombie (D:5)
  Crazy Yiuf (D:2)
  7 hounds
  A bullfrog zombie (D:5)
  9 orc priests
  3 jellies
  10 orc wizards
  A centaur skeleton (D:12)
  3 iguanas
  4 hell rats (D:7)
  9 worker ants
  A howler monkey zombie (D:8)
  6 gnolls
  18 adders
  5 river rats (D:7)
  2 shadow imps (D:10)
  An adder skeleton (D:8)
  A worm (D:3)
  2 dart slugs
  2 leopard geckos
  42 orcs
  9 bats
  4 giant cockroaches
  14 goblins
  10 hobgoblins
  10 jackals
  8 quokkas
  A ball python (D:2)
  6 frilled lizards
  28 kobolds
  11 kobold skeletons (D:10)
  7 kobold zombies (D:10)
  A quokka skeleton (D:5)
  20 rats
482 creatures vanquished.

Vanquished Creatures (collateral kills)
  A quasit (D:5)
  An orc priest (D:2)
  2 gnolls (D:3)
  7 adders
  A dart slug (D:2)
  8 orcs
  2 hobgoblins (D:3)
  2 goblins
24 creatures vanquished.

Vanquished Creatures (others)
  A bush (D:11)
  22 fungi
  12 plants
35 creatures vanquished.

Grand Total: 541 creatures vanquished

Notes
Turn   | Place    | Note
-------+----------+-------------------------------------------
     0 | D:1      | EnegeticOcto the Draconian Wanderer began the quest for the
                  | Orb.
     0 | D:1      | EnegeticOcto set off with the following items: a +0 club, a
                  | wand of random effects (15), a ration; and the following
                  | spells available to memorise: Call Imp, Apportation, Magic
                  | Dart, Blink, Slow, Recall, Conjure Flame, Mephitic Cloud
     0 | D:1      | Reached XP level 1. HP: 14/14 MP: 2/2
     2 | D:1      | Learned a level 1 spell: Magic Dart
   184 | D:1      | Reached skill level 1 in Conjurations
   334 | D:1      | Reached XP level 2. HP: 18/20 MP: 1/3
   438 | D:1      | Learned a level 2 spell: Call Imp
   819 | D:1      | Found a sparkling altar of Nemelex Xobeh.
  1186 | D:2      | Reached XP level 3. HP: 22/27 MP: 1/5
  1340 | D:2      | Reached skill level 1 in Fighting
  1460 | D:2      | Found a runed translucent door.
  1461 | D:2      | Noticed Crazy Yiuf
  1633 | D:2      | Learned a level 2 spell: Blink
  2154 | D:2      | Killed Crazy Yiuf
  2154 | D:2      | Reached skill level 2 in Spellcasting
  2154 | D:2      | Reached XP level 4. HP: 35/35 MP: 3/7
  2851 | D:2      | Reached XP level 5. HP: 9/41 MP: 1/8
  3949 | D:3      | Reached XP level 6. HP: 40/50 MP: 10/10
  4415 | D:3      | Found a hide-covered altar of Uskayaw.
  4789 | D:4      | Reached skill level 3 in Spellcasting
  5059 | D:5      | Entered Level 5 of the Dungeon
  5165 | D:5      | Reached skill level 1 in Maces & Flails
  5252 | D:5      | Reached skill level 5 in Conjurations
  5252 | D:5      | Your scales start taking on a pale cyan-grey colour.
  5252 | D:5      | Reached XP level 7. HP: 46/57 MP: 11/11
  5314 | D:5      | Learned a level 3 spell: Conjure Flame
  5318 | D:5      | Learned a level 3 spell: Mephitic Cloud
  5320 | D:5      | Learned a level 1 spell: Apportation
  5810 | D:3      | Became a worshipper of Uskayaw the Reveler
  5882 | D:5      | Noticed vurker's ghost (novice TrHu)
  5897 | D:5      | Found a runed translucent door.
  5953 | D:5      | Reached * piety under Uskayaw
  5962 | D:5      | Reached ** piety under Uskayaw
  6073 | D:5      | Reached skill level 1 in Translocations
  6073 | D:5      | Reached skill level 1 in Fire Magic
  6073 | D:5      | Reached skill level 1 in Air Magic
  6623 | D:6      | Reached XP level 8. HP: 43/66 MP: 13/13
  6626 | D:6      | Reached *** piety under Uskayaw
  6863 | D:6      | Reached skill level 4 in Spellcasting
  6969 | D:6      | Noticed Grinder
  7189 | D:6      | Found a staircase to the Ecumenical Temple.
  7517 | D:6      | Killed Grinder
  7842 | D:7      | Reached XP level 9. HP: 40/73 MP: 15/15
  7845 | D:7      | Reached skill level 5 in Fighting
  8479 | D:7      | Noticed Pikel
  8487 | D:7      | Killed Pikel
  8487 | D:7      | Reached skill level 5 in Summonings
  8487 | D:7      | Reached skill level 1 in Invocations
  8561 | D:7      | Reached skill level 5 in Spellcasting
  9170 | D:7      | Reached skill level 5 in Evocations
  9285 | D:8      | Learned a level 4 spell: Sticky Flame
 10363 | D:9      | Found Doalonoe's Demolitions Depot.
 10369 | D:9      | Found Poetied's Jewellery Shoppe.
 10371 | D:9      | Bought a wand of disintegration (13) for 204 gold pieces
 10420 | D:9      | Found a flagged portal.
 10430 | Bailey   | Entered a bailey
 10606 | Bailey   | Found an iron altar of Okawaru.
 10606 | Bailey   | Noticed an orc high priest
 10606 | Bailey   | Noticed a kobold demonologist
 10611 | Bailey   | Noticed an orc knight
 10612 | Bailey   | Killed a kobold demonologist
 10612 | Bailey   | Reached XP level 10. HP: 86/86 MP: 17/17
 10613 | Bailey   | Killed an orc high priest
 10613 | Bailey   | Reached skill level 5 in Fire Magic
 10613 | Bailey   | Reached **** piety under Uskayaw
 10659 | Bailey   | Killed an orc knight
 11430 | Bailey   | Got a dazzling plate armour
 11432 | Bailey   | Got a dazzling scale mail
 11822 | D:9      | Noticed a two-headed ogre
 11840 | D:9      | Killed a two-headed ogre
 12625 | D:10     | Entered Level 10 of the Dungeon
 13256 | D:10     | Noticed Nergalle
 13272 | D:10     | Killed Nergalle
 13272 | D:10     | Reached XP level 11. HP: 65/97 MP: 2/18
 13524 | D:10     | Found a white marble altar of Elyvilon.
 13826 | D:10     | Reached ***** piety under Uskayaw
 13857 | D:10     | Reached ****** piety under Uskayaw
 14287 | D:10     | Found a staircase to the Lair.
 14509 | D:10     | Found an ancient bone altar of Kikubaaqudgha.
 14712 | Lair:1   | Entered Level 1 of the Lair of Beasts
 14728 | Lair:1   | Noticed Sonja
 14730 | Lair:1   | Killed Sonja
 14744 | Lair:1   | Reached skill level 6 in Spellcasting
 15170 | Lair:1   | Noticed an oklob plant
 15589 | Lair:1   | HP: 2/99 [spiny frog (17)]
 15970 | Lair:1   | Found a runed translucent door.
 15971 | Lair:1   | Noticed Xemamm's ghost (journeyman OpTm)
 16520 | Lair:1   | Noticed an eight-headed hydra
 16657 | D:10     | Upgraded the game from 0.24-a0-630-g0d56a851f4 to
                  | 0.24-a0-639-gb70a11d811
 17070 | Lair:1   | Noticed Urug
 17083 | Lair:1   | Killed Urug
 17083 | Lair:1   | Reached skill level 10 in Fighting
 17499 | Lair:1   | Killed an eight-headed hydra
 17879 | Lair:2   | Noticed an eight-headed hydra
 17894 | Lair:2   | Killed an eight-headed hydra
 17894 | Lair:2   | Reached skill level 7 in Spellcasting
 17924 | Lair:2   | Reached skill level 5 in Dodging
 18085 | Lair:2   | Reached XP level 12. HP: 104/106 MP: 14/22
 18151 | Lair:2   | Learned a level 5 spell: Fireball
 18160 | Lair:2   | Found a hole to the Spider Nest.
 19260 | Lair:3   | Reached skill level 10 in Fire Magic
 19501 | Lair:3   | Reached skill level 8 in Spellcasting
 19916 | Lair:3   | Found a staircase to the Shoals.
 20209 | Lair:3   | Identified the +10 plate armour of a Million Coins {Regen+
                  | Str+7 Int-5 Stlth+} (You found it in a bailey)
 20602 | Lair:4   | Reached skill level 9 in Spellcasting
 20841 | Lair:4   | Noticed an eight-headed hydra
 20851 | Lair:4   | Killed an eight-headed hydra
 20981 | Lair:4   | HP: 5/106 [komodo dragon (29)]
 21298 | Lair:4   | Reached skill level 10 in Spellcasting
 21402 | Lair:4   | Found an ancient bone altar of Kikubaaqudgha.
 21612 | Lair:5   | Noticed a five-headed hydra
 21617 | Lair:5   | Killed a five-headed hydra
 21922 | Lair:5   | Found a stormy altar of Qazlal.
 21995 | Lair:5   | Noticed Snorg
 22020 | Lair:5   | Killed Snorg
 22361 | Lair:5   | Noticed a six-headed hydra
 22376 | Lair:5   | Reached skill level 5 in Air Magic
 22510 | Lair:5   | Found a staircase to the Slime Pits.
 22559 | Lair:5   | Killed a six-headed hydra
 23232 | Lair:6   | Entered Level 6 of the Lair of Beasts
 23267 | Lair:6   | Reached XP level 13. HP: 95/113 MP: 13/27
 23877 | Lair:6   | Learned a level 4 spell: Airstrike
 25924 | D:11     | Found Baprisih's Book Boutique.
 25986 | D:11     | Learned a level 2 spell: Swiftness
 26668 | D:11     | Found a sparkling altar of Nemelex Xobeh.
 26878 | D:11     | Reached skill level 11 in Spellcasting
 27229 | D:12     | Noticed Josephine
 27239 | D:12     | Killed Josephine
 28029 | D:12     | Found a runed translucent door.
 28035 | D:12     | Found a shadowy altar of Dithmenos.
 28341 | D:12     | Found a staircase to the Orcish Mines.
 29663 | D:12     | Engulfed by a fire crab's flame

Levels and vault maps discovered:
D:1:      onia_arrival_handbag, layout_rooms, nemelex_diamond_rough_becter
D:2:      layout_loops_ring, uniq_crazy_yiuf_cottage
D:3:      kennysheep_six_static_rooms, layout_basic, overflow_temple_1_default
D:4:      layout_rooms
D:5:      layout_cave_pools, first_ration, hellmonk_ghost_happy_afterlife,
          serial_column_ruins, column_ruins_open_small_water,
          column_ruins_open_tiny, column_ruins_open_small,
          column_ruins_open_tiny, column_ruins_grid_3, guppyfry_early_orc_mine
D:6:      layout_rooms, minmay_temple_entry_tees, columned_hall_lemuel,
          grunt_ministairs_10, uniq_grinder
D:7:      lemuel_ratsnest, layout_loops_ring, uniq_pikel
D:8:      layout_basic, grunt_pizzeria, st_stairs_12, nicolae_wwwww
D:9:      layout_stronghold, serial_shops, shop, enter_bailey_1,
          nicolae_blasting_shop
D:10:     wander_kiku_kobolds, layout_gridville, erik_lair_orcish_takeover,
          basic_altar, uniq_nergalle
D:11:     layout_rooms, serial_shops, shop_fountains, basic_altar,
          kb_lookout_dungeons_type, item_on_display_a
D:12:     gammafunk_mikee_crab_dinner, layout_layer_cave, orc_0_dummy,
          basic_altar, minmay_holes, uniq_josephine
Lair:1:   layout_gridlike, gammafunk_ghost_grave, chequers_serial_rivers_marsh,
          chequers_serial_rivers_micro_c, st_stairs_4, minmay_lair_oklob_bushes,
          uniq_urug, uniq_sonja
Lair:2:   layout_regular_city, spider_nest_entry_rubble,
          minmay_stone_trees_medium
Lair:3:   layout_concentric_octagons, minmay_shoals_entry_hut
Lair:4:   layout_hall_layers, basic_altar
Lair:5:   layout_gridlike, dpeg_slime_entry_corner, basic_altar, minivault_25,
          serial_bayou_shore_b, uniq_snorg
Lair:6:   cheibrodos_lair_end_hotspot, layout_layer_cave, st_stairs_8,
          serial_bayou_pond_c

Skill      XL: |  1  2  3  4  5  6  7  8  9 10 11 12 13 |
---------------+----------------------------------------+-----
Conjurations   | 1 2 3 4 5 6 9 |  9.1
Fighting       | 1 2 3 4 7 9 10 | 10.0
Spellcasting   | 2 3 4 5 7 10 11 | 11.4
Maces & Flails | 1 2 |  2.8
Translocations | 1 3 |  3.0
Fire Magic     | 1 3 4 7 9 10 | 10.0
Air Magic      | 1 3 5 8 |  8.8
Evocations     | 2 3 6 8 |  8.0
Summonings     | 4 5 |  5.0
Invocations    | 4 |  4.0
Dodging        | 2 5 |  5.0
Staves         | |  1.0
Stealth        | |  1.0
Shields        | |  1.0
Ice Magic      | |  1.0

Action                   |  1- 3 |  4- 6 |  7- 9 | 10-12 | 13-15 || total
-------------------------+-------+-------+-------+-------+-------++-------
Melee: Club              |    57 |       |       |       |       ||    57
       Tailslap          |    10 |     8 |    32 |    70 |    38 ||   158
       Dagger            |    93 |    65 |       |       |       ||   158
       Trident           |       |    39 |       |       |       ||    39
       Falchion          |       |    42 |       |       |       ||    42
       Whip              |       |    61 |   304 |   460 |   191 ||  1016
       Staff             |       |       |       |     1 |    31 ||    32
Throw: Dart              |       |       |     2 |    21 |     1 ||    24
 Cast: Magic Dart        |     6 |       |    19 |    16 |     9 ||    50
       Call Imp          |     6 |    17 |     9 |       |       ||    32
       Conjure Flame     |       |       |     4 |    45 |    18 ||    67
       Mephitic Cloud    |       |       |       |     8 |       ||     8
       Blink             |       |       |       |    15 |       ||    15
       Sticky Flame      |       |       |       |    52 |    33 ||    85
       Fireball          |       |       |       |     8 |    15 ||    23
       Airstrike         |       |       |       |       |    50 ||    50
Invok: Stomp             |       |       |       |     5 |     7 ||    12
 Abil: Evoke Invisibilit |       |     3 |       |     1 |       ||     4
       Breathe Steam     |       |       |    18 |    35 |    13 ||    66
Evoke: Wand              |     3 |     1 |     4 |    26 |     5 ||    39
  Use: Scroll            |       |     3 |    14 |    16 |     3 ||    36
       Potion            |       |     2 |     1 |     6 |       ||     9
 Stab: Sleeping          |     2 |     1 |     1 |     2 |     2 ||     8
       Paralysed         |       |       |     6 |    23 |    21 ||    50
       Distracted        |       |       |     1 |       |       ||     1
       Invisible         |       |       |       |     3 |       ||     3
       Confused          |       |       |       |     2 |       ||     2
  Eat: Chunk             |     4 |    10 |    12 |    35 |    24 ||    85
       Ration            |       |     1 |     3 |     6 |     3 ||    13
Armor: Skin              |    64 |   117 |   104 |   208 |   121 ||   614
Dodge: Dodged            |   126 |   153 |   175 |   396 |   209 ||  1059
       Rpst.: Falchion   |       |     8 |       |       |       ||     8

Table legend:
 A = Non-vault XP
 B = Vault XP
 C = Vault XP percentage of total XP
 D = Non-vault monster count
 E = Vault monster count
 F = Vault count percentage of total count
                 A         B        C        D         E       F
            +---------+---------+-------+---------+---------+-------
      Total |   45072 |   15681 |  25.8 |     330 |     174 |  34.5
            +---------+---------+-------+---------+---------+-------
        D:1 |      36 |       4 |  10.0 |      20 |       4 |  16.7
        D:2 |     107 |      44 |  29.1 |      15 |       1 |   6.2
        D:3 |     255 |      10 |   3.8 |      39 |       6 |  13.3
        D:4 |      60 |       0 |   0.0 |       3 |       0 |   0.0
        D:5 |     485 |     216 |  30.8 |      18 |       7 |  28.0
        D:6 |     944 |     406 |  30.1 |      19 |       2 |   9.5
        D:7 |     699 |     997 |  58.8 |      16 |      29 |  64.4
        D:8 |     643 |     279 |  30.3 |      10 |       3 |  23.1
        D:9 |    1328 |     198 |  13.0 |      14 |       3 |  17.6
       D:10 |    1405 |    2514 |  64.1 |      15 |      58 |  79.5
       D:11 |    5228 |     106 |   2.0 |      30 |       1 |   3.2
       D:12 |    7136 |    2075 |  22.5 |      40 |       6 |  13.0
     Lair:1 |    1810 |    3079 |  63.0 |      11 |       4 |  26.7
     Lair:2 |    3949 |     216 |   5.2 |      12 |       1 |   7.7
     Lair:3 |    2385 |     247 |   9.4 |      13 |       1 |   7.1
     Lair:4 |    5485 |       0 |   0.0 |      19 |       0 |   0.0
     Lair:5 |    5298 |    1312 |  19.8 |      14 |       2 |  12.5
     Lair:6 |    7819 |     496 |   6.0 |      22 |       2 |   8.3
     Bailey |       0 |    3482 | 100.0 |       0 |      44 | 100.0
            +---------+---------+-------+---------+---------+-------
